 Dungeon Crawl Stone Soup version 0.29-a0-275-g389c0b56f3 (webtiles) character file.

Game seed: 15612611723962291651

84 siradein the Bolt Thrower (level 4, -1/28 HPs)
             Began as a Kobold Hunter on Mar 10, 2022.
             Was an Initiate of Hepliaklqana.
             Killed from afar by Grinder (2 damage)
             ... with a puff of flame
             ... on level 3 of the Dungeon.
             The game lasted 00:07:42 (2779 turns).

siradein the Bolt Thrower (Kobold Hunter)           Turns: 2779, Time: 00:07:43

Health: -1/28      AC:  5    Str: 11    XL:     4   Next: 74%
Magic:  4/4        EV: 15    Int: 12    God:    Hepliaklqana [......]
Gold:   105        SH:  0    Dex: 15    Spells: 3/3 levels left

rFire   . . .      SeeInvis .   a - +1 hand crossbow
rCold   . . .      Faith    .   (no shield)
rNeg    . . .      Spirit   .   b - +0 leather armour
rPois   .          Reflect  .   (no helmet)
rElec   .          Harm     .   (no cloak)
rCorr   .          Rampage  .   h - +0 pair of gloves
Will    .....                   f - +0 pair of boots
Stlth   +++.......              (no amulet)
HPRegen 0.09/turn               (no ring)
MPRegen 0.09/turn               (no ring)

@: no status effects
A: small, no large weapons, nightstalker 3
a: Renounce Religion


You were on level 3 of the Dungeon.
You worshipped Hepliaklqana.
Hepliaklqana was noncommittal.
You visited 1 branch of the dungeon, and saw 3 of its levels.

You collected 105 gold pieces.

Inventory:

Hand Weapons
 a - a +1 hand crossbow (weapon)
Armour
 b - a +0 leather armour (worn)
 f - a +0 pair of boots (worn)
 h - a +0 pair of gloves (worn)
Scrolls
 c - 4 scrolls of immolation
 d - a scroll of fear {unknown}
 k - 2 scrolls of enchant armour
 l - a scroll of magic mapping {unknown}
 m - a scroll of blinking {unknown}
Potions
 e - a potion of mutation
 g - 4 potions of curing
 i - 3 potions of brilliance
 j - 3 potions of heal wounds {unknown}
 n - a potion of haste {unknown}
 o - a potion of resistance {unknown}


   Skills:
 + Level 3.0 Fighting
 + Level 5.9 Crossbows
 + Level 1.0 Armour
 + Level 3.2 Dodging
 + Level 2.8 Stealth


You had 3 spell levels left.
You didn't know any spells.
Your spell library contained the following spells:

 Spells                   Type           Power      Damage    Failure   Level
 Summon Guardian Golem    Hex/Summ       0%         N/A       78%         3
 Anguish                  Hex/Necr       0%         N/A       99%         4
 Summon Forest            Summ/Tloc      0%         N/A       100%        5
 Summon Mana Viper        Hex/Summ       0%         N/A       100%        5
 Summon Cactus Giant      Summ           0%         N/A       100%        6


Dungeon Overview and Level Annotations

Branches:
Dungeon (3/15)

Altars:
Cheibriados
Hepliaklqana
Okawaru
Trog
Uskayaw
Wu Jian

Annotations:
D:3 Grinder


Innate Abilities, Weirdness & Mutations

You are small and have problems with some larger weapons.
You are completely attuned to the shadows.


Message History

You kill the bat!
No target in view!
No target in view!
No target in view!
No target in view!
You see here a bat corpse.
Found a glowing spear.
You pick up a book of the Wilderness and begin reading...
You add the spells Summon Forest, Summon Mana Viper and Summon Cactus Giant to your library.
You see here a +1 spear of venom.
Grinder comes into view.
She is carrying a wand of flame (26).
Grinder is nearby!
Grinder is nearby!
You shoot a bolt. The bolt hits Grinder.
Grinder shouts!
Grinder is lightly wounded.
You hear a shout!
You shoot a bolt. The bolt barely misses Grinder.
Grinder zaps a wand.
The puff of flame hits you but does no damage.
You shoot a bolt. The bolt closely misses Grinder.
Grinder barely misses you.
You shoot a bolt. The bolt closely misses Grinder.
Grinder gestures at you.
You suddenly lose the ability to move!
Grinder gestures at you. Pain shoots through your body! Grinder hits you.
You writhe in agony.
Grinder gestures at you. You resist with significant effort.
You can move again.
Unknown command.
Unknown command.
Unknown command.
Grinder blinks!
You see here a +1 spear of venom.
Grinder hits you.
You writhe in agony.
* * * LOW HITPOINT WARNING * * *
Grinder zaps a wand.
The puff of flame hits you.
* * * LOW HITPOINT WARNING * * *
Grinder zaps a wand.
The puff of flame hits you.
You die...

..###.#.#.####.#####.
.. ...#....# #.# #.
#....###..###.# #.
.............##.# #.
.##.#.#
######.##.#####.
....#.# #..#.......
####.....###
##.######.. ....##5...#
#.## #.. #.###.##@####
#..# #.# #..)..#.....#
##.## #.# ###########.#
#..# #.' #######.# ##.#
#.' #.......# #.## #.#
###.############..###.#
#.............###......
#.#....######.# #..##..
#.####.### #.# #..##..


You could see Grinder.

Vanquished Creatures
  An adder (D:3)
  2 worms
  2 dart slugs
  An orc (D:3)
  8 ball pythons
  14 bats
  5 endoplasms
  4 giant cockroaches
  6 goblins
  4 hobgoblins
  6 kobolds
  A quokka (D:2)
  2 rats (D:1)
56 creatures vanquished.

Notes
Turn   | Place    | Note
-------+----------+-------------------------------------------
     0 | D:1      | siradein the Kobold Hunter began the quest for the Orb.
     0 | D:1      | Reached XP level 1. HP: 12/12 MP: 1/1
    63 | D:1      | Found a faded altar of an unknown god.
   159 | D:1      | Reached XP level 2. HP: 18/18 MP: 2/2
   706 | D:1      | Reached XP level 3. HP: 20/22 MP: 3/3
   791 | D:1      | Got the Volume of Calling and Necromancy
  1461 | D:2      | Reached XP level 4. HP: 27/27 MP: 4/4
  2158 | D:3      | Found a bloodstained altar of Trog.
  2238 | D:3      | Found a hide-covered altar of Uskayaw.
  2241 | D:3      | Found a hazy altar of Hepliaklqana.
  2243 | D:3      | Found an ornate altar of the Wu Jian Council.
  2244 | D:3      | Found a snail-covered altar of Cheibriados.
  2246 | D:3      | Became a worshipper of Hepliaklqana the Forgotten
  2249 | D:3      | Found an iron altar of Okawaru.
  2362 | D:3      | Reached skill level 1 in Armour
  2766 | D:3      | Noticed Grinder
  2770 | D:3      | Paralysed by Grinder for 4 turns
  2778 | D:3      | HP: 1/28 [Grinder/puff of flame (5)]
  2779 | D:3      | Killed from afar by Grinder

Illustrated notes

Levels and vault maps discovered:
D:1:      psy_arrival_statuary, layout_basic, chequers_ecumenical_altar_simple,
          serial_bayou_pond_b, due_unseen_surprise
D:2:      layout_basic, minmay_misc_feat_chi
D:3:      layout_basic, general_overflow_altar,
          nicolae_overflow_hallway_of_the_gods, uniq_grinder

Skill      XL: |  1  2  3  4 |
---------------+-------------+-----
Stealth        | 2 |  2.8
Dodging        | 3 |  3.2
Fighting       | 3 |  3.0
Armour         | 1 |  1.0
Crossbows      | |  5.9

Action                   |  1- 3 |  4- 6 || total
-------------------------+-------+-------++-------
 Fire: Hand crossbow     |   100 |    60 ||   160
  Use: Scroll            |       |     4 ||     4
Armor: Leather armour    |    15 |     6 ||    21
Dodge: Dodged            |    45 |    15 ||    60

Table legend: (Time is in decaauts)
 A = Elapsed time spent in this place.
 B = Non-inter-level travel time spent in this place.
 C = Inter-level travel time spent in this place.
 D = Time resting spent in this place.
 E = Time spent auto-exploring this place.
 F = Levels seen in this place.
 G = Mean time per level.
                   A        B        C        D        E       F      G
               +--------+--------+--------+--------+--------+-----+--------+
         Total |   2823 |   2762 |     61 |      3 |   2323 |   3 |  941.0 |
       Dungeon |   2823 |   2762 |     61 |      3 |   2323 |   3 |  941.0 |
               +--------+--------+--------+--------+--------+-----+--------+

Top non-repeatable levels by time:
     D:1: 1350 daAuts
     D:2: 748 daAuts
     D:3: 724 daAuts
